 Dungeon Crawl Stone Soup version 0.32-a0-834-geaf45d8e21 (webtiles) character file.

Game seed: 12368988099281724887

14917 cforsyth the Thaumaturge (level 11, -8/67 HPs)
             Began as a Deep Elf Summoner on Mar 25, 2024.
             Was a Follower of Sif Muna.
             Shot with a bolt by a tengu warrior (24 damage)
             ... on level 12 of the Dungeon.
             The game lasted 00:35:01 (12611 turns).

cforsyth the Thaumaturge (Deep Elf Summoner)       Turns: 12611, Time: 00:35:01

Health: -8/67      AC:  7    Str:  5    XL:     11   Next: 95%
Magic:  27/39      EV: 16    Int: 25    God:    Sif Muna [*.....]
Gold:   1944       SH:  0    Dex: 15    Spells: 16/36 levels left

rFire   + . .        (no weapon)
rCold   . . .        (no shield)
rNeg    . . .        H - +1 robe {rF+}
rPois   .            K - +2 hat
rElec   .            J - +0 cloak
rCorr   .            I - +0 pair of gloves
SInv    +            (no boots)
Will    +....        (no amulet)
Stlth   ++           v - ring of see invisible
HPRegen 0.31/turn    M - ring of magical power
MPRegen 0.26/turn

%: no passive effects
@: inugami summoned
A: no striking features
a: Renounce Religion, Channel Magic


You were on level 12 of the Dungeon.
You worshipped Sif Muna.
Sif Muna was aware of your devotion.
You visited 2 branches of the dungeon, and saw 13 of its levels.

You collected 1944 gold pieces.


   Skills:
 + Level 7.4 Fighting
 + Level 10.9 Dodging
 - Level 2.4 Stealth
 - Level 13.0 Spellcasting
 + Level 11.8 Summonings
 - Level 4.0 Fire Magic
 - Level 4.0 Air Magic


You had 16 spell levels left.
You knew the following spells:

 Your Spells              Type           Power      Damage    Failure   Level
c - Call Imp              Summ           100%       N/A       1%          2
f - Call Canine Familiar  Summ           66%        N/A       1%          3
l - Summon Lightning Spi  Summ/Air       54%        N/A       1%          4
z - Summon Small Mammal   Summ           100%       N/A       1%          1
X - Summon Blazeheart Go  Fire/Summ      54%        N/A       1%          4
Y - Summon Cactus Giant   Summ           33%        N/A       4%          6

Your spell library contained the following spells:

 Spells                   Type           Power      Damage    Failure   Level
 Foxfire                  Conj/Fire      100%       2x1d9     1%          1
 Shock                    Conj/Air       100%       1d9       1%          1
 Scorch                   Fire           72%        2d8       1%          2
 Swiftness                Air            36%        N/A       1%          3
 Freeze                   Ice            64%        1d7       3%          1
 Kiss of Death            Conj/Necr      64%        2d10      3%          1
 Magic Dart               Conj           64%        1d6       3%          1
 Blink                    Tloc           32%        N/A       5%          2
 Searing Ray              Conj           32%        2d5       5%          2
 Airstrike                Air            18%        2d(3-19)  7%          4
 Confusing Touch          Hex            16%        N/A       11%         3
 Dazzling Flash           Conj/Hex       32%        N/A       11%         3
 Frozen Ramparts          Ice            32%        1d5       11%         3
 Hailstorm                Conj/Ice       16%        3d6       11%         3
 Flame Wave               Conj/Fire      26%        2d8       16%         4
 Dispel Undead            Necr           16%        3d10      34%         4
 Fulminant Prism          Conj/Alch      8%         3d7       34%         4
 Olgreb's Toxic Radiance  Alch           16%        N/A       34%         4
 Plasma Beam              Fire/Air       18%        2x1d29    71%         6
 Starburst                Conj/Fire      13%        6d5       94%         6
 Ozocubu's Refrigeration  Ice            8%         4d9       100%        7
 Discord                  Hex            8%         N/A       100%        8
 Maxwell's Capacitive Co  Air            18%        ∞         100%        8

Inventory:

Hand Weapons
 a - the +4 short sword "Loustrad" {freeze, rPois rF++ Int-5 SInv}
   (You found it on level 9 of the Dungeon)

   Int-5:     It affects your intelligence (-5).
   rF++:      It greatly protects you from fire.
   rPois:     It protects you from poison.
   SInv:      It lets you see invisible.
 O - the +6 quarterstaff of Innocence {freeze, rElec rPois Will- Str+3}
   (You found it on level 9 of the Dungeon)

   Str+3:     It affects your strength (+3).
   rElec:     It insulates you from electricity.
   rPois:     It protects you from poison.
   Will-:     It decreases your willpower.
Missiles
 L - 2 throwing nets {=f}
Armour
 w - a scarf of invisibility
 H - a +1 robe of fire resistance (worn)
 I - a +0 pair of gloves (worn)
 J - a +0 cloak (worn)
 K - a +2 hat (worn)
Magical Staves
 d - a staff of conjuration {!a}
 u - a staff of alchemy {!a}
 N - a staff of fire {!a}
Jewellery
 c - a ring of ice
 v - a ring of see invisible (left hand)
 C - a ring of ice
 D - a +6 ring of dexterity
 M - a ring of magical power (right hand)
 W - a ring of willpower
 Z - a ring of wizardry
Wands
 y - a wand of digging (9)
 z - a wand of flame (41)
 F - a wand of mindburst (13)
 G - a wand of polymorph (9)
Scrolls
 f - a scroll of vulnerability {unknown}
 i - 4 scrolls of fog
 l - a scroll of brand weapon
 m - 2 scrolls of amnesia
 o - 2 scrolls of immolation {unknown}
 p - a scroll of poison
 q - 2 scrolls of fear
 t - a scroll of summoning {unknown}
 x - 2 scrolls of teleportation {@r2}
 A - a scroll of blinking
 B - a scroll of noise {unknown}
 E - a scroll of revelation {unknown}
 Q - a scroll of torment {unknown}
 T - a scroll of enchant armour {unknown}
Potions
 b - a potion of magic
 e - 3 potions of brilliance
 g - 6 potions of lignification
 h - 5 potions of heal wounds {@q2}
 j - 5 potions of curing {@q1}
 k - a potion of attraction
 n - a potion of enlightenment
 r - a potion of might
 s - a potion of ambrosia
 R - 2 potions of resistance
 S - a potion of degeneration {unknown}
 U - 2 potions of cancellation {unknown}
Miscellaneous
 P - a phantom mirror

Dungeon Overview and Level Annotations

Branches:
Dungeon (12/15)            Temple (1/1) D:7            Lair (0/5) D:11
    Orc (0/2) D:12

Altars:
Ashenzari
Cheibriados
Dithmenos
Elyvilon
Fedhas
Gozag
Hepliaklqana
Kikubaaqudgha
Makhleb
Nemelex Xobeh
Okawaru
Qazlal
Ru
Sif Muna
Trog
Uskayaw
Vehumet
Wu Jian
Xom
Yredelemnul
Zin
The Shining One

Shops:
D:2 =

Annotations:
D:5 3 runed translucent doors, Biggs's ghost, amateur CoGl; Jigsaw's ghost, weakling GnDe; Spacecowgir2's ghost, amateur DsGl; chunkyMonkey's ghost, amateur SpEn
D:6 1 runed translucent door, Chish's ghost, amateur NaAl
D:7 2 transporters, Fractals's ghost, novice MDBe
D:8 1 runed translucent door, smashvw's ghost, novice GnHu

...#...#....#.#.>..#.....## #.#..
...#...#.....###..........##.##..
...#####.....# #.................
).........#..Q###................
.........#..#....................
...............C.................
#....... #.......................
#>...... #..h...÷.#.............
....... #.....@..#.............
.............................#..
##.....I.....(......####.
#.......#..........# #.
#.....>#...........## #.
.....................###.
...###..................# ..
#...................
..................


You could see a tengu warrior (ally target), a friendly lightning spire
(summoned), a friendly cactus giant (summoned) and a friendly inugami
(summoned).


Message History

You start resting.
Magic restored.
HP restored.
There is a stone staircase leading down here.
You climb downwards.
There is a stone staircase leading up, spattered with blood here.
Unknown command.
Casting: Summon Blazeheart Golem (dangerous; 1% risk of failure)
Confirm with . or Enter, or press ? or * to list all spells.
You call for your canine familiar and it appears with a howl!
The tengu warrior unwields a +0 battleaxe.
The tengu warrior wields a +0 arbalest.
The tengu warrior shoots a bolt.
The bolt hits you!
Unknown command.
Casting: Call Canine Familiar (safe; 1% risk of failure)
Confirm with . or Enter, or press ? or * to list all spells.
The tengu warrior shoots a bolt.
The bolt hits you!
Unknown command.
Unknown command.
Casting: Summon Cactus Giant (dangerous; 4% risk of failure)
Confirm with . or Enter, or press ? or * to list all spells.
An electric hum fills the air.
The tengu warrior shoots a bolt.
The bolt hits you!!
* * * LOW HITPOINT WARNING * * *
Unknown command.
Unknown command.
Unknown command.
Unknown command.
The tengu warrior shoots a bolt.
The bolt hits you!!
You die...

Skill      XL: |  1  2  3  4  5  6  7  8  9 10 11 |
---------------+----------------------------------+-----
Spellcasting   | 4 5 6 7 8 10 11 13 | 13.0
Summonings     | 5 6 7 8 9 10 11 | 11.8
Fire Magic     | 1 2 3 4 |  4.0
Air Magic      | 1 2 3 4 |  4.0
Dodging        | 3 5 7 9 10 | 10.9
Fighting       | 1 3 4 6 7 |  7.4
Stealth        | |  2.4

Action                     |  1- 3 |  4- 6 |  7- 9 | 10-12 || total
---------------------------+-------+-------+-------+-------++-------
  Melee: Unarmed           |    32 |       |       |       ||    32
   Cast: Summon Small Mamm |    32 |     7 |    23 |     4 ||    66
         Call Imp          |    12 |    14 |    34 |    25 ||    85
         Call Canine Famil |     5 |    11 |    25 |    29 ||    70
         Summon Lightning  |       |     2 |    24 |    31 ||    57
         Summon Blazeheart |       |     1 |     7 |     8 ||    16
         Summon Cactus Gia |       |       |       |    30 ||    30
  Evoke: Wand              |       |       |     4 |     1 ||     5
    Use: Scroll            |       |       |       |    18 ||    18
         Potion            |       |       |       |     1 ||     1
   Stab: Sleeping          |     2 |       |       |       ||     2
 Armour: Robe              |    37 |     8 |    58 |    33 ||   136
  Dodge: Dodged            |    49 |     3 |    58 |    31 ||   141

Levels and vault maps discovered:
D:1:      sevenhm_arrival_forest_fort_large_2, layout_rooms
D:2:      layout_rooms, shapermc_ecumenical_altar_ellora,
          nicolae_shop_unique_rings
D:3:      layout_loops_ring, lemuel_round_altar, okawaru_trees_2,
          lightli_temple_of_fire, lemuel_crystal_altar
D:4:      layout_basic, uniq_blork_the_orc
D:5:      layout_rooms, kennysheep_vampire_church,
          lemuel_mausoleum_altar_yredelemnul, jmf_multi_god_temple,
          gammafunk_ghost_cemetery
D:6:      layout_basic, nicolae_overflow_hidden_temple,
          mainiacjoe_overflow_chevrons, ebering_ghost_reflecting_pool,
          hangedman_abyss_or_decor_slice
D:7:      layout_layer_cave, minmay_temple_entry_butterflies,
          gammafunk_ghost_arena
D:8:      layout_basic, general_overflow_altar,
          mainiacjoe_overflow_six_doors_small, hellmonk_ghost_big_iron,
          the_hattery
D:9:      layout_stronghold, jmf_multi_god_temple2,
          mainiacjoe_overflow_small_starburst, uniq_pikel
D:10:     layout_cave_pools, kennysheep_just_a_vault
D:11:     layout_big_octagon, lair_entry_dummy
D:12:     layout_layer_cave, orc_0_dummy, hangedman_decor_diamond_cutter,
          evilmike_ruin_ashenzari
Temple:   nicolae_temple_ecumenical_triangle

Notes
Turn   | Place    | Note
-------+----------+-------------------------------------------
     0 | D:1      | cforsyth the Deep Elf Summoner began the quest for the Orb.
     0 | D:1      | Reached XP level 1. HP: 10/10 MP: 6/6
   202 | D:1      | Reached XP level 2. HP: 15/15 MP: 6/8
   465 | D:1      | Reached skill level 4 in Spellcasting
   469 | D:1      | Learned a level 2 spell: Call Imp
   807 | D:2      | Reached skill level 5 in Summonings
   807 | D:2      | Reached XP level 3. HP: 19/19 MP: 5/10
   848 | D:2      | Learned a level 3 spell: Call Canine Familiar
  1112 | D:2      | Found a faded altar of an unknown god.
  1156 | D:2      | Found Ateg's One-of-a-Kind Rings.
  1559 | D:3      | Found a blossoming altar of Fedhas.
  1568 | D:3      | You fall into a shaft and drop 1 floor!
  1694 | D:4      | Noticed a scorpion
  1698 | D:4      | Killed a scorpion
  1699 | D:4      | Reached skill level 1 in Fire Magic
  1699 | D:4      | Reached skill level 1 in Air Magic
  1699 | D:4      | Reached XP level 4. HP: 24/24 MP: 5/12
  1797 | D:4      | Learned a level 4 spell: Summon Blazeheart Golem
  1933 | D:4      | Noticed Blork the orc
  1944 | D:4      | Killed Blork the orc
  1945 | D:4      | Reached skill level 5 in Spellcasting
  1945 | D:4      | Reached skill level 2 in Fire Magic
  1945 | D:4      | Reached skill level 2 in Air Magic
  1945 | D:4      | Reached XP level 5. HP: 28/28 MP: 9/14
  1950 | D:4      | Learned a level 4 spell: Summon Lightning Spire
  2722 | D:3      | Found an iron altar of Okawaru.
  2852 | D:3      | Found a glowing silver altar of Zin.
  3030 | D:3      | Found a burning altar of Makhleb.
  3197 | D:5      | Entered Level 5 of the Dungeon
  3209 | D:5      | Reached XP level 6. HP: 28/32 MP: 0/16
  3363 | D:5      | Reached skill level 6 in Summonings
  3400 | D:5      | Reached skill level 3 in Fire Magic
  3400 | D:5      | Reached skill level 3 in Air Magic
  3430 | D:5      | Reached skill level 6 in Spellcasting
  3491 | D:5      | Found a runed translucent gate.
  3491 | D:5      | Found a runed translucent gate.
  3491 | D:5      | Found a runed translucent gate.
  3545 | D:5      | Reached XP level 7. HP: 36/36 MP: 14/18
  3663 | D:5      | Found a basalt altar of Yredelemnul.
  3787 | D:5      | Reached skill level 4 in Fire Magic
  3787 | D:5      | Reached skill level 4 in Air Magic
  4060 | D:5      | Found a sparkling altar of Nemelex Xobeh.
  4060 | D:5      | Found a radiant altar of Vehumet.
  4149 | D:5      | Reached skill level 3 in Dodging
  4157 | D:5      | Reached skill level 1 in Fighting
  4274 | D:5      | Reached skill level 7 in Spellcasting
  4340 | D:5      | Found an ancient bone altar of Kikubaaqudgha.
  4401 | D:5      | Reached skill level 7 in Summonings
  4499 | D:5      | Noticed Jigsaw's ghost (weakling GnDe)
  4500 | D:5      | Noticed Spacecowgir2's ghost (amateur DsGl)
  4500 | D:5      | Noticed Biggs's ghost (amateur CoGl)
  4501 | D:5      | Noticed chunkyMonkey's ghost (amateur SpEn)
  4554 | D:6      | Reached XP level 8. HP: 43/43 MP: 12/20
  4685 | D:6      | Reached skill level 4 in Dodging
  4742 | D:6      | Reached skill level 2 in Fighting
  4963 | D:6      | Reached skill level 8 in Spellcasting
  4966 | D:6      | Reached skill level 5 in Dodging
  5068 | D:6      | Found a shimmering altar of Xom.
  5258 | D:6      | Found a stormy altar of Qazlal.
  5307 | D:6      | Found a runed translucent door.
  5313 | D:6      | Noticed Chish's ghost (amateur NaAl)
  5785 | D:7      | Found a transporter.
  5785 | D:7      | Noticed Fractals's ghost (novice MDBe)
  5977 | D:7      | Found a staircase to the Ecumenical Temple.
  5986 | Temple   | Entered the Ecumenical Temple
  5997 | D:7      | Found a transporter.
  6106 | D:7      | Reached skill level 3 in Fighting
  6106 | D:7      | Reached skill level 8 in Summonings
  6112 | D:7      | Reached XP level 9. HP: 50/50 MP: 11/23
  6122 | D:7      | Reached skill level 6 in Dodging
  6122 | D:7      | Reached skill level 9 in Spellcasting
  6467 | D:7      | Reached skill level 4 in Fighting
  7166 | D:8      | Reached skill level 9 in Summonings
  7349 | D:8      | Found an ornate altar of the Wu Jian Council.
  7393 | D:8      | Found a bloodstained altar of Trog.
  7438 | D:8      | Noticed a two-headed ogre
  7450 | D:8      | Killed a two-headed ogre
  7451 | D:8      | Reached skill level 7 in Dodging
  7451 | D:8      | Reached skill level 10 in Spellcasting
  7451 | D:8      | Reached XP level 10. HP: 58/58 MP: 11/26
  7545 | D:8      | Reached skill level 5 in Fighting
  7551 | D:8      | Reached skill level 8 in Dodging
  8205 | D:8      | Found a runed translucent door.
  8207 | D:8      | Noticed smashvw's ghost (novice GnHu)
  8550 | D:9      | Learned a level 6 spell: Summon Cactus Giant
  8727 | D:9      | Identified the +4 short sword "Loustrad" {freeze, rPois
                  | rF++ Int-5 SInv}
  8789 | D:9      | Reached skill level 10 in Summonings
  8885 | D:9      | Noticed Pikel
  8893 | D:9      | Killed Pikel
  8894 | D:9      | Reached skill level 11 in Spellcasting
  9285 | D:9      | Found a shimmering blue altar of Sif Muna.
  9289 | D:9      | Found a shadowy altar of Dithmenos.
  9295 | D:9      | Became a worshipper of Sif Muna the Loreminder
  9358 | D:9      | Found a broken altar of Ashenzari.
  9367 | D:9      | Identified the +6 quarterstaff of Innocence {freeze, rElec
                  | rPois Will- Str+3}
  9659 | D:9      | Reached skill level 9 in Dodging
  9771 | D:10     | Entered Level 10 of the Dungeon
  9802 | D:10     | Noticed a fire giant
  9811 | D:10     | Killed a fire giant
  9812 | D:10     | Reached skill level 6 in Fighting
  9812 | D:10     | Reached XP level 11. HP: 50/64 MP: 25/28
 10001 | D:10     | Reached skill level 12 in Spellcasting
 10069 | D:10     | Reached * piety under Sif Muna
 10139 | D:10     | Reached skill level 11 in Summonings
 10515 | D:10     | Identified 2 potions of resistance
 10699 | D:11     | Identified 2 scrolls of acquirement
 10699 | D:11     | Acquired 628 gold pieces
 10701 | D:11     | Acquired 716 gold pieces
 10966 | D:11     | Reached skill level 10 in Dodging
 10974 | D:11     | Noticed a two-headed ogre
 10979 | D:11     | Killed a two-headed ogre
 11213 | D:11     | Found a staircase to the Lair.
 11263 | D:12     | Noticed an ogre mage
 11263 | D:12     | Noticed a two-headed ogre
 11263 | D:12     | Noticed a two-headed ogre
 11263 | D:12     | Noticed a two-headed ogre
 11263 | D:12     | Noticed a two-headed ogre
 11360 | D:12     | Found a staircase to the Orcish Mines.
 11633 | D:12     | Found a broken altar of Ashenzari.
 11724 | D:12     | Noticed a centaur warrior
 11735 | D:12     | Reached skill level 7 in Fighting
 11762 | D:12     | Killed a centaur warrior
 12430 | D:12     | Noticed a deep elf pyromancer
 12441 | D:12     | Killed a two-headed ogre
 12448 | D:12     | Killed a two-headed ogre
 12449 | D:12     | Reached skill level 13 in Spellcasting
 12451 | D:12     | Killed a two-headed ogre
 12607 | D:12     | Noticed a tengu warrior
 12611 | D:12     | Shot with a bolt by a tengu warrior

Vanquished Creatures
  A two-headed ogre (D:12)
  2 yaks
  A gnoll bouda (D:8)
  2 bats (D:1)
6 creatures vanquished.

Vanquished Creatures (collateral kills)
  A fire giant (D:10)
  A centaur warrior (D:12)
  4 two-headed ogres
  Pikel (D:9)
  An unseen horror (D:10)
  4 trolls
  2 shadows
  A spriggan (D:8)
  2 wyverns (D:9)
  2 wraiths (D:11)
  17 yaks
  A basilisk (D:12)
  3 steam dragons
  An acid dragon (D:8)
  A water moccasin (D:7)
  5 orc warriors
  2 sky beasts
  A black bear (D:7)
  2 ogres
  2 ice beasts
  3 centaurs
  A weeping skull (D:5)
  Blork the orc (D:4)
  3 kobold brigands
  2 bullfrogs (D:8)
  2 scorpions
  2 gnoll sergeants
  A wyvern zombie (D:5)
  12 wights
  9 killer bees
  A nameless horror (D:12)
  A vampire bat (D:5)
  2 howler monkeys
  A bombardier beetle (D:6)
  A bullfrog zombie (D:5)
  A human zombie (D:5)
  3 jellies
  A centaur zombie (D:5)
  2 hounds (D:6)
  3 gnoll boudas
  5 orc priests
  2 sleepcaps (D:5)
  2 iguanas
  4 orc wizards
  A killer bee zombie (D:5)
  2 hound zombies (D:5)
  4 mummies (D:5)
  26 gnolls
  5 adders
  A shadow imp (D:7)
  A ribbon worm (D:2)
  3 dart slugs
  26 orcs
  2 bat skeletons (D:5)
  3 bat zombies (D:5)
  An endoplasm (D:3)
  4 giant cockroaches (D:1)
  9 goblins
  4 hobgoblins
  4 quokkas
  3 ball pythons
  6 bats
  2 frilled lizards (D:1)
  24 kobolds
  6 rats
256 creatures vanquished.

Vanquished Creatures (others)
  3 blazeheart cores
3 creatures vanquished.

Grand Total: 265 creatures vanquished

Table legend: (Time is in decaauts)
 A = Elapsed time spent in this place.
 B = Non-inter-level travel time spent in this place.
 C = Inter-level travel time spent in this place.
 D = Time resting spent in this place.
 E = Time spent auto-exploring this place.
 F = Levels seen in this place.
 G = Mean time per level.
                   A        B        C        D        E       F      G
               +--------+--------+--------+--------+--------+-----+--------+
         Total |  12608 |  12207 |    401 |    355 |   9444 |  13 |  969.8 |
       Dungeon |  12606 |  12205 |    401 |    355 |   9444 |  12 | 1050.5 |
        Temple |      1 |      1 |      0 |      0 |      0 |   1 |    1.0 |
               +--------+--------+--------+--------+--------+-----+--------+

Top non-repeatable levels by time:
     D:9: 1453 daAuts
     D:8: 1394 daAuts
     D:5: 1339 daAuts
     D:7: 1210 daAuts
     D:6: 1170 daAuts
    D:12: 1157 daAuts
    D:10: 944 daAuts
     D:3: 866 daAuts
     D:1: 791 daAuts
     D:4: 771 daAuts
     D:2: 767 daAuts
    D:11: 739 daAuts
  Temple: 1 daAuts

Table legend:
 A = Non-vault XP
 B = Vault XP
 C = Vault XP percentage of total XP
 D = Non-vault monster count
 E = Vault monster count
 F = Vault count percentage of total count
                 A         B        C        D         E       F
            +---------+---------+-------+---------+---------+-------
      Total |   18134 |    3177 |  14.9 |     235 |      26 |  10.0
            +---------+---------+-------+---------+---------+-------
        D:1 |      39 |       0 |   0.0 |      25 |       0 |   0.0
        D:2 |      51 |       0 |   0.0 |      16 |       0 |   0.0
        D:3 |      45 |       0 |   0.0 |      16 |       0 |   0.0
        D:4 |     106 |     100 |  48.5 |       5 |       1 |  16.7
        D:5 |     504 |     574 |  53.2 |      17 |      20 |  54.1
        D:6 |    1091 |       0 |   0.0 |      31 |       0 |   0.0
        D:7 |    1634 |       0 |   0.0 |      20 |       0 |   0.0
        D:8 |    3244 |     215 |   6.2 |      28 |       1 |   3.4
        D:9 |    1400 |     996 |  41.6 |      21 |       3 |  12.5
       D:10 |    3133 |    1292 |  29.2 |      32 |       1 |   3.0
       D:11 |    2044 |       0 |   0.0 |      13 |       0 |   0.0
       D:12 |    4843 |       0 |   0.0 |      11 |       0 |   0.0
            +---------+---------+-------+---------+---------+-------
